 Dungeon Crawl Stone Soup version 0.31-a0-844-gdc52ec4e09 (webtiles) character file.

Game seed: 1537352628002294295

2825 Fodor the Protected (level 9, -1/78 HPs)
             Began as a Minotaur Fighter on Sept 30, 2023.
             Was an Initiate of Gozag.
             Killed by divine providence
             ... invoked by an orc priest
              (15 damage)
             ... on level 8 of the Dungeon.
             The game lasted 00:38:51 (6706 turns).

Fodor the Protected (Minotaur Fighter)              Turns: 6706, Time: 00:38:52

Health: -1/78      AC: 22    Str: 24    XL:     9   Next: 45%
Magic:  8/8        EV: 11    Int:  5    God:    Gozag
Gold:   451        SH:  5    Dex: 11    Spells: 8/8 levels left

rFire   . . .        w - +1 trident (freeze)
rCold   + . .        C - +0 buckler {AC+3}
rNeg    . . .        s - +3 scale mail {rPois}
rPois   +            (helmet restricted)
rElec   .            D - +0 cloak
rCorr   .            B - +2 pair of gloves
SInv    .            i - +2 pair of boots
Will    .....        (no amulet) Stlth
                     j - ring of protection from cold
HPRegen 0.33/turn    (no ring)
MPRegen 0.11/turn

%: no passive effects
@: gold aura
A: horns 2, retaliatory headbutt
a: Renounce Religion, Potion Petition, Call Merchant, Bribe Branch


You were on level 8 of the Dungeon.
You worshipped Gozag.
Gozag was aware of your devotion.
You visited 2 branches of the dungeon, and saw 9 of its levels.

You collected 836 gold pieces.
You spent 320 gold pieces at shops.
You paid 65 gold pieces to Gozag.

Inventory:

Hand Weapons
 w - a +1 trident of freezing (weapon)
 z - a +0 battleaxe
Missiles
 c - 21 poisoned darts (quivered)
 E - a curare-tipped dart
Armour
 i - a +2 pair of boots (worn)
 s - a +3 scale mail of poison resistance (worn)
 B - a +2 pair of gloves (worn)
 C - a +0 buckler of protection (worn)
 D - a +0 cloak (worn)
Jewellery
 j - a ring of protection from cold (left hand)
Talismans
 p - a beast talisman
 y - a blade talisman
Wands
 a - a wand of iceblast (5)
 v - a wand of flame (16)
 A - a wand of paralysis (11)
Scrolls
 g - a scroll of silence
 h - 2 scrolls of fear {unknown}
 l - a scroll of brand weapon {unknown}
 m - a scroll of vulnerability {unknown}
 n - 3 scrolls of butterflies {unknown}
 o - 2 scrolls of immolation {unknown}
 q - 5 scrolls of teleportation
 r - a scroll of acquirement
 t - 2 scrolls of amnesia
 F - a scroll of noise {unknown}
Potions
 b - a potion of attraction {unknown}
 d - 2 potions of might
 e - a potion of heal wounds {unknown}
 f - 4 potions of degeneration {unknown}
 k - 3 potions of haste {unknown}
 u - 2 potions of enlightenment {unknown}
 x - a potion of ambrosia {unknown}


   Skills:
 + Level 6.5 Fighting
 + Level 4.7(5.2) Short Blades
 + Level 3.5(4.9) Long Blades
 + Level 7.9 Polearms
 + Level 8.5 Armour
 + Level 3.4 Dodging
 + Level 1.5 Stealth
 + Level 6.6 Shields


You had 8 spell levels left.
You didn't know any spells.
Your spell library contained the following spells:

 Spells                   Type           Power      Damage    Failure   Level
 Hailstorm                Conj/Ice       0%         3d3       99%         3
 Ozocubu's Armour         Ice            0%         N/A       99%         3
 Summon Ice Beast         Ice/Summ       0%         N/A       100%        4
 Iskenderun's Battlesphe  Conj           0%         2d6       100%        5
 Bombard                  Conj/Erth      0%         9d1       100%        6
 Ozocubu's Refrigeration  Ice            0%         4d7       100%        7
 Spellforged Servitor     Conj/Summ      0%         N/A       100%        7
 Simulacrum               Ice/Necr       Unusable   N/A       N/A         6

Dungeon Overview and Level Annotations

Branches:
Dungeon (8/15)             Temple (1/1) D:6
   Lair: D:8-11

Altars:
Cheibriados
Elyvilon
Fedhas
Gozag
Kikubaaqudgha
Makhleb
Nemelex Xobeh
Okawaru
Qazlal
Sif Muna
Uskayaw
Vehumet
Wu Jian
Yredelemnul
Zin
The Shining One

Shops:
D:1 **([

Annotations:
D:7 1 runed translucent door, hattop's ghost, novice DsSh


Innate Abilities, Weirdness & Mutations

You have a pair of horns on your head.
You reflexively headbutt those who attack you in melee.


Message History

You hit the two-headed ogre but do no damage.
The two-headed ogre is heavily wounded.
You block the orc priest's attack.
The two-headed ogre hits you but does no damage.
The two-headed ogre closely misses you. The orc hits you but does no damage.
You are electrocuted!
The orc priest closely misses you.
You hit the two-headed ogre. You freeze the two-headed ogre.
You headbutt the two-headed ogre.
The two-headed ogre is heavily wounded.
The orc priest closely misses you. You furiously retaliate!
You headbutt the orc priest. The two-headed ogre barely misses you.
You furiously retaliate!
You headbutt the two-headed ogre!
The two-headed ogre hits you but does no damage.
You puncture the two-headed ogre! You freeze the two-headed ogre.
The two-headed ogre is almost dead.
The orc priest hits you but does no damage.
The orc hits you but does no damage. The orc priest barely misses you.
You closely miss the two-headed ogre.
The two-headed ogre is almost dead.
The orc priest mumbles some strange prayers to Beogh against you.
Beogh smites you! The orc closely misses you. You furiously retaliate!
You headbutt the orc.
The two-headed ogre hits you with a +0 giant club.
* * * LOW HITPOINT WARNING * * *
The two-headed ogre hits you with a +0 giant club!
* * * LOW HITPOINT WARNING * * *
The orc priest barely misses you. You furiously retaliate!
You headbutt the orc priest. You puncture the two-headed ogre!
You freeze the two-headed ogre.
You kill the two-headed ogre!
The orc priest closely misses you. The orc barely misses you.
You block the orc priest's attack.
Your Polearms skill increases to level 7!
The orc priest attacks as it pursues you!
The orc priest closely misses you.
Items here: $ ( )).
The orc priest mumbles some strange prayers to Beogh against you.
Beogh smites you!
You die...
Your body crumbles into a pile of gold.

#....###.####......♣
.####>...# #...##...._.♣
#..#...#..###........[.♣
##....###.[.#.......♣..♣
#.....# #..........♣♣♣♣
#.#...# #..............
####...##...............
#...............>...#
#.##@..####........##
#.$#####.......##
##ooo...!...?..#
##o..........##
#######.....# ##.....#
#..##..# #.## #... #.#
#z.


You could see 2 orc priests and 2 orcs.

Vanquished Creatures
  A two-headed ogre (D:8)
  A gargoyle (D:8)
  Menkaure (D:4)
  A water moccasin (D:5)
  Duvessa (D:7)
  An orc warrior (D:6)
  An ice beast (D:7)
  2 black bears
  An ogre (D:5)
  2 phantoms
  2 kobold brigands
  Blork the orc (D:4)
  A gnoll sergeant (D:6)
  A scorpion (D:5)
  A bullfrog (D:7)
  Dowan (D:7)
  2 jellies
  An orc priest (D:4)
  2 hounds (D:4)
  2 sleepcaps
  5 iguanas
  Ijyb (D:4)
  Terence (D:2)
  An orc wizard (D:4)
  Robin (D:2)
  4 adders
  3 gnolls (D:6)
  A shadow imp (D:5)
  2 white imps
  2 ufetubi (D:6)
  2 dart slugs (D:1)
  12 orcs
  9 endoplasms
  4 giant cockroaches
  14 goblins
  10 hobgoblins
  4 jackals
  14 kobolds
  4 quokkas
  6 ball pythons
  4 bats
  4 frilled lizards
  8 rats
142 creatures vanquished.

Notes
Turn   | Place    | Note
-------+----------+-------------------------------------------
     0 | D:1      | Fodor the Minotaur Fighter began the quest for the Orb.
     0 | D:1      | Reached XP level 1. HP: 19/19 MP: 0/0
   245 | D:1      | Reached XP level 2. HP: 27/27 MP: 1/1
   256 | D:1      | Found Lux Hiad's Assorted Antiques.
   273 | D:1      | Bought a scroll labelled QAZI VESEOSTRUA for 27 gold pieces
   519 | D:1      | Found Deaz's Assorted Antiques.
   553 | D:1      | Reached skill level 4 in Armour
   626 | D:1      | Found Unaec's Weapon Boutique.
   626 | D:1      | Noticed a +0 demon trident
   660 | D:1      | Noticed a +0 rapier
   801 | D:1      | Found Xonaf's Armour Boutique.
  1086 | D:2      | Reached XP level 3. HP: 33/33 MP: 2/2
  1724 | D:2      | Noticed Terence
  1735 | D:2      | Killed Terence
  1919 | D:2      | Noticed Robin
  1935 | D:2      | Reached XP level 4. HP: 40/40 MP: 3/3
  1948 | D:2      | Killed Robin
  2487 | D:3      | Found an iron altar of Okawaru.
  2751 | D:3      | Found a glowing golden altar of the Shining One.
  3114 | D:4      | Reached skill level 1 in Short Blades
  3157 | D:4      | Reached XP level 5. HP: 45/47 MP: 4/4
  3227 | D:4      | Reached skill level 5 in Armour
  3238 | D:4      | Noticed Blork the orc
  3251 | D:4      | Killed Blork the orc
  3252 | D:4      | Reached skill level 1 in Dodging
  3252 | D:4      | Reached XP level 6. HP: 26/53 MP: 5/5
  3502 | D:4      | Noticed Menkaure
  3515 | D:4      | Killed Menkaure
  3842 | D:4      | Found an opulent altar of Gozag.
  3847 | D:4      | Became a worshipper of Gozag Ym Sagoz the Greedy
  3864 | D:4      | Reached skill level 5 in Shields
  3864 | D:4      | Reached XP level 7. HP: 53/60 MP: 6/6
  3876 | D:4      | Found a blossoming altar of Fedhas.
  3982 | D:4      | Reached skill level 5 in Fighting
  4221 | D:4      | Noticed Ijyb
  4239 | D:4      | Killed Ijyb
  4344 | D:5      | Entered Level 5 of the Dungeon
  4353 | D:5      | Reached skill level 6 in Armour
  4353 | D:5      | Reached skill level 1 in Stealth
  4451 | D:5      | Reached skill level 1 in Polearms
  4656 | D:5      | Reached XP level 8. HP: 56/69 MP: 7/7
  4835 | D:1      | Bought a +0 battleaxe for 65 gold pieces
  4870 | D:1      | Bought 2 scrolls labelled ERHUNE URAEDDA for 48 gold pieces
  4870 | D:1      | Bought a runed buckler for 180 gold pieces
  4970 | D:6      | Found a staircase to the Ecumenical Temple.
  4997 | Temple   | Entered the Ecumenical Temple
  5410 | D:6      | Reached skill level 5 in Polearms
  5893 | D:7      | Reached skill level 7 in Armour
  5916 | D:7      | Identified a scroll of acquirement
  5985 | D:7      | Noticed Dowan
  5986 | D:7      | Noticed Duvessa
  5992 | D:7      | Killed Duvessa
  5994 | D:7      | Killed Dowan
  6320 | D:7      | Reached XP level 9. HP: 74/75 MP: 8/8
  6482 | D:7      | Found a runed translucent door.
  6483 | D:7      | Noticed hattop's ghost (novice DsSh)
  6650 | D:8      | Noticed a gargoyle
  6660 | D:8      | Killed a gargoyle
  6661 | D:8      | Reached skill level 8 in Armour
  6673 | D:8      | Found a glowing silver altar of Zin.
  6694 | D:8      | Noticed a two-headed ogre
  6704 | D:8      | Killed a two-headed ogre
  6706 | D:8      | Killed from afar by an orc priest

Illustrated notes

Levels and vault maps discovered:
D:1:      dpeg_arrival_tiny_k, layout_loops_ring, serial_shops, shop,
          nicolae_shop_mannequins, shop, shop
D:2:      layout_basic, serial_bayou_pond_a, nicolae_figureground_sparkle,
          uniq_terence, uniq_robin
D:3:      layout_basic, kennysheep_okawaru_gauntlet,
          mainiacjoe_overflow_cross_hatched, kennysheep_cluttered_room,
          serial_bayou_pond_c, minivault_25, minmay_misc_feat_secret_circle
D:4:      layout_loops_cross, mainiacjoe_overflow_big_doors, uniq_menkaure,
          uniq_ijyb, uniq_blork_the_orc
D:5:      layout_rooms, minmay_misc_feat_rows
D:6:      layout_cave_pools, minmay_temple_entry_gardened_gates
D:7:      layout_loops_ring, gammafunk_ghost_grave, uniq_duvessa
D:8:      layout_layer_cave, mainiacjoe_overflow_alcove_1,
          chequers_temple_overflow_minitemple, chequers_ossuary_entry_cave
Temple:   hellmonk_temple_of_storms

Skill      XL: |  1  2  3  4  5  6  7  8  9 |
---------------+----------------------------+-----
Shields        | 4 5 6 |  6.6
Fighting       | 4 5 6 |  6.5
Armour         | 4 5 6 7 8 |  8.5
Long Blades    | 3 |  3.5
Short Blades   | 1 2 3 4 |  4.7
Dodging        | 1 2 3 |  3.4
Stealth        | 1 |  1.5
Polearms       | 3 6 7 |  7.9

Action                     |  1- 3 |  4- 6 |  7- 9 || total
---------------------------+-------+-------+-------++-------
  Melee: Long sword        |    33 |       |       ||    33
         Headbutt          |     6 |    20 |    49 ||    75
         Short sword       |    41 |   107 |    54 ||   202
         Trident           |       |       |   175 ||   175
  Throw: Throwing net      |       |       |     1 ||     1
    Use: Scroll            |     1 |       |     3 ||     4
   Stab: Distracted        |       |       |     1 ||     1
 Armour: Scale mail        |    51 |    89 |   194 ||   334
  Dodge: Dodged            |    37 |    60 |   130 ||   227
  Block: Buckler           |    17 |    16 |    60 ||    93

Table legend: (Time is in decaauts)
 A = Elapsed time spent in this place.
 B = Non-inter-level travel time spent in this place.
 C = Inter-level travel time spent in this place.
 D = Time resting spent in this place.
 E = Time spent auto-exploring this place.
 F = Levels seen in this place.
 G = Mean time per level.
                   A        B        C        D        E       F      G
               +--------+--------+--------+--------+--------+-----+--------+
         Total |   6721 |   6561 |    160 |   1183 |      0 |   9 |  746.8 |
       Dungeon |   6719 |   6559 |    160 |   1183 |      0 |   8 |  839.9 |
        Temple |      1 |      1 |      0 |      0 |      0 |   1 |    1.0 |
               +--------+--------+--------+--------+--------+-----+--------+

Top non-repeatable levels by time:
     D:2: 1264 daAuts
     D:4: 1234 daAuts
     D:3: 1037 daAuts
     D:1: 945 daAuts
     D:6: 911 daAuts
     D:7: 781 daAuts
     D:5: 486 daAuts
     D:8: 57 daAuts
  Temple: 1 daAuts
